 Dungeon Crawl Stone Soup version 0.27-a0-1051-g288ea87c7c (webtiles) character file.

Game seed: 1961216991056940211

1180 rageheart7 the Slicer (level 8, -1/49 (53) HPs)
             Began as a Kobold Gladiator on Apr 21, 2021.
             Was a Priest of Dithmenos.
             Slain by a wight
             ... wielding a +2 dagger
              (5 damage)
             ... on level 6 of the Dungeon.
             The game lasted 00:05:48 (5700 turns).

rageheart7 the Slicer (Kobold Gladiator)            Turns: 5700, Time: 00:05:49

HP:   -1/49 (53)    AC:  6    Str: 14    XL:     8   Next: 69%
MP:   8/8           EV: 15    Int:  9    God:    Dithmenos [***...]
Gold: 356           SH:  0    Dex: 16    Spells: 7/7 levels left

rFire    . . .     SeeInvis .   g - +2 dagger (venom)
rCold    . . .     Faith    .   (shield restricted)
rNeg     . . .     Spirit   .   b - +0 leather armour
rPois    .         Reflect  .   c - +0 helmet
rElec    .         Harm     .   (no cloak)
rCorr    .         Rampage  .   k - +0 pair of gloves
Will     .....                  f - +0 pair of boots
Stlth    +++++.....             (no amulet)
HPRegen  0.16/turn              m - ring of wizardry
MPRegen  0.11/turn              (no ring)

@: flying, wreathed by umbra, drained
A: small, no large weapons, nightstalker 3
a: Renounce Religion, Shadow Step


You were on level 6 of the Dungeon.
You worshipped Dithmenos.
Dithmenos was most pleased with you.
You visited 1 branch of the dungeon, and saw 6 of its levels.

You collected 356 gold pieces.

Inventory:

Hand Weapons
 a - a +0 rapier
 g - a +2 dagger of venom (weapon)
Missiles
 d - 5 throwing nets (quivered)
Armour
 b - a +0 leather armour (worn)
 c - a +0 helmet (worn)
 f - a +0 pair of boots (worn)
 k - a +0 pair of gloves (worn)
Jewellery
 i - a ring of positive energy
 m - a ring of wizardry (left hand)
Scrolls
 h - a scroll of torment
 l - 4 scrolls of teleportation
Potions
 e - 2 potions of cancellation


   Skills:
 * Level 7.1 Fighting
 * Level 9.0 Short Blades
 - Level 2.1 Throwing
 - Level 3.6 Dodging
 + Level 5.9 Stealth


You had 7 spell levels left.
You didn't know any spells.
Your spell library was empty.

Dungeon Overview and Level Annotations

Branches:
Dungeon (6/15)
 Temple: D:4-7

Altars:
Cheibriados
Dithmenos
Nemelex Xobeh


Innate Abilities, Weirdness & Mutations

You are small and have problems with some larger weapons.
You are completely attuned to the shadows.


Message History

The wight barely misses you.
You closely miss the wight.
The wight is severely damaged.
The wight hits you with a +2 dagger.
You hit the wight but do no damage.
The wight is severely damaged.
You hit the wight.
The wight is severely damaged.
The wight hits you with a +2 dagger.
You hit the wight but do no damage.
The wight is severely damaged.
You barely miss the wight.
The wight is severely damaged.
The wight completely misses you.
You hit the wight but do no damage.
The wight is severely damaged.
You barely miss the wight.
The wight is severely damaged.
The wight hits you with a +2 dagger.
You hit the wight but do no damage.
The wight is severely damaged.
You hit the wight but do no damage.
The wight is severely damaged.
The wight hits you but does no damage.
You barely miss the wight.
The wight is severely damaged.
You hit the wight but do no damage.
The wight is severely damaged.
The wight hits you with a +2 dagger.
* * * LOW HITPOINT WARNING * * *
You hit the wight but do no damage.
The wight is severely damaged.
The wight hits you with a +2 dagger!
* * * LOW HITPOINT WARNING * * *
You hit the wight but do no damage.
The wight is severely damaged.
It was a potion of flight.
You feel very buoyant.
You fly up into the air.
The wight hits you with a +2 dagger.
You die...

#### ..# #.#
#. #@#.#
##.###z#.#
......##z#!#
#.##..##>#.##
..$.....)>..#
......##.##.#
###.###..# #
####.# ##.#
....<# .#


You could see 2 wights.

Vanquished Creatures
  Purgy (D:4)
  A black bear (D:4)
  2 necrophages
  2 kobold brigands
  A scorpion (D:4)
  A water moccasin skeleton (D:5)
  3 wights (D:6)
  A howler monkey (D:5)
  An iron imp (D:3)
  A gnoll shaman (D:5)
  3 orc priests (D:4)
  A centaur skeleton (D:4)
  An orc wizard (D:4)
  5 gnolls
  6 adders
  A worm (D:2)
  3 dart slugs
  11 orcs
  2 bats (D:1)
  9 endoplasms
  4 giant cockroaches
  6 goblins
  6 hobgoblins
  6 jackals
  4 ball pythons
  6 frilled lizards
  15 kobolds
  2 rats (D:2)
105 creatures vanquished.

Vanquished Creatures (others)
  7 plants (D:4)
7 creatures vanquished.

Grand Total: 112 creatures vanquished

Notes
Turn   | Place    | Note
-------+----------+-------------------------------------------
     0 | D:1      | rageheart7 the Kobold Gladiator began the quest for the
                  | Orb.
     0 | D:1      | Reached XP level 1. HP: 12/12 MP: 1/1
   209 | D:1      | Found a faded altar of an unknown god.
   244 | D:1      | Reached XP level 2. HP: 18/18 MP: 2/2
   309 | D:1      | Became a worshipper of Dithmenos the Shadowed
   309 | D:1      | Reached * piety under Dithmenos
   639 | D:1      | Reached XP level 3. HP: 14/23 MP: 3/3
  1492 | D:2      | Reached skill level 1 in Stealth
  1862 | D:2      | Reached skill level 5 in Short Blades
  2065 | D:3      | Found a snail-covered altar of Cheibriados.
  2079 | D:3      | Reached XP level 4. HP: 24/28 MP: 4/4
  2626 | D:3      | Found a sparkling altar of Nemelex Xobeh.
  2940 | D:4      | Reached XP level 5. HP: 33/33 MP: 5/5
  2942 | D:4      | Reached ** piety under Dithmenos
  2951 | D:4      | Reached skill level 6 in Short Blades
  3046 | D:4      | Noticed a necrophage
  3047 | D:4      | Killed a necrophage
  3048 | D:4      | Reached XP level 6. HP: 39/39 MP: 6/6
  3310 | D:4      | Noticed a black bear
  3323 | D:4      | Killed a black bear
  3324 | D:4      | Reached skill level 5 in Fighting
  3324 | D:4      | Reached XP level 7. HP: 11/44 MP: 7/7
  3325 | D:4      | Reached skill level 7 in Short Blades
  3951 | D:4      | Noticed Purgy
  3975 | D:4      | Killed Purgy
  4261 | D:4      | Reached XP level 8. HP: 11/51 MP: 8/8
  4781 | D:5      | Entered Level 5 of the Dungeon
  4785 | D:5      | Reached skill level 8 in Short Blades
  4901 | D:5      | Reached skill level 5 in Stealth
  4944 | D:5      | Reached *** piety under Dithmenos
  5661 | D:6      | Reached skill level 9 in Short Blades
  5700 | D:6      | Slain by a wight

Illustrated notes

Levels and vault maps discovered:
D:1:      dpeg_arrival_round_b, layout_loops_ring, ebering_ecumenical_altar_box
D:2:      layout_rooms
D:3:      layout_loops_ring, nemelex_dance_club_becter, slow_altar_1,
          kennysheep_nub
D:4:      layout_gridville, lexackson_kobold_supper, uniq_purgy
D:5:      layout_loops_ring, chequers_garden
D:6:      layout_loops_ring, worldfamousw_hep_ancestral_shrine,
          pf_just_have_faith

Skill      XL: |  1  2  3  4  5  6  7  8 |
---------------+-------------------------+-----
Fighting       | 3 4 5 6 7 |  7.1
Stealth        | 1 2 3 4 5 |  5.9
Short Blades   | 5 6 7 9 |  9.0
Throwing       | |  2.1
Dodging        | |  3.6

Action                   |  1- 3 |  4- 6 |  7- 9 || total
-------------------------+-------+-------+-------++-------
Melee: Rapier            |    82 |       |       ||    82
       Dagger            |    40 |    60 |   204 ||   304
  Use: Scroll            |       |     4 |     2 ||     6
       Potion            |       |     4 |     2 ||     6
 Stab: Sleeping          |     4 |    15 |    18 ||    37
       Distracted        |       |       |     2 ||     2
Armor: Leather armour    |    25 |     5 |    32 ||    62
       Skin              |       |    16 |       ||    16
Dodge: Dodged            |    99 |    23 |   109 ||   231

Table legend: (Time is in decaauts)
 A = Elapsed time spent in this place.
 B = Non-inter-level travel time spent in this place.
 C = Inter-level travel time spent in this place.
 D = Time resting spent in this place.
 E = Time spent auto-exploring this place.
 F = Levels seen in this place.
 G = Mean time per level.
                   A        B        C        D        E       F      G
               +--------+--------+--------+--------+--------+-----+--------+
         Total |   5586 |   5374 |    212 |      0 |   4749 |   6 |  931.0 |
       Dungeon |   5586 |   5374 |    212 |      0 |   4749 |   6 |  931.0 |
               +--------+--------+--------+--------+--------+-----+--------+

Top non-repeatable levels by time:
     D:4: 1816 daAuts
     D:1: 1484 daAuts
     D:3: 850 daAuts
     D:5: 841 daAuts
     D:2: 561 daAuts
     D:6: 31 daAuts
